 Dungeon Crawl Stone Soup version 0.28-a0-691-gad6df49e81 (webtiles) character file.

Game seed: 4206187576185009422

23 kae the Insei (level 2, -1/16 HPs)
             Began as a Tengu Transmuter on Oct 21, 2021.
             Slain by an adder (3 damage)
             ... on level 2 of the Dungeon.
             The game lasted 00:00:54 (1704 turns).

kae the Insei (Tengu Transmuter)                    Turns: 1704, Time: 00:00:55

Health: -1/16      AC:  2    Str: 10    XL:     2   Next: 95%
Magic:  5/6        EV: 12    Int: 13    God:
Gold:   25         SH:  0    Dex: 14    Spells: 4/5 levels left

rFire   . . .      SeeInvis .   b - +0 short sword
rCold   . . .      Faith    .   (no shield)
rNeg    . . .      Spirit   .   a - +0 robe
rPois   .          Reflect  .   (helmet currently unavailable)
rElec   .          Harm     .   (no cloak)
rCorr   .          Rampage  .   (no gloves)
Will    .....                   (boots unavailable)
Stlth   +.........              (no amulet)
HPRegen 0.05/turn               (no ring)
MPRegen 0.10/turn               (no ring)

@: lethally poisoned (-1 -> -6), appendages (expiring)
A: horns 2, beak, talons 3
a: End Transformation


You were on level 2 of the Dungeon.
You had temporarily grown beastly horns.
You visited 1 branch of the dungeon, and saw 2 of its levels.

You collected 25 gold pieces.

Inventory:

Hand Weapons
 b - a +0 short sword (weapon)
Armour
 a - a +0 robe (worn)
Scrolls
 g - a scroll of identify
Potions
 c - a potion of heal wounds {unknown}
 d - a potion of ambrosia {unknown}
 e - a potion of flight
 f - a potion of degeneration


   Skills:
 + Level 1.5 Fighting
 - Level 2.1 Dodging
 * Level 3.9 Unarmed Combat
 - Level 2.0 Spellcasting
 * Level 1.9 Transmutations


You had 4 spell levels left.
You knew the following spells:

 Your Spells              Type           Power      Damage    Failure   Level
a - Beastly Appendage     Tmut           12%        N/A       12%         1

Your spell library contained the following spells:

 Spells                   Type           Power      Damage    Failure   Level
 Wereblood                Tmut           6%         N/A       17%         2
 Slow                     Hex            1%         N/A       36%         2
 Spider Form              Tmut/Pois      1%         N/A       45%         3
 Confusing Touch          Hex            1%         N/A       58%         3
 Ice Form                 Ice/Tmut       3%         N/A       86%         4
 Yara's Violent Unravell  Hex/Tmut       1%         3d3       99%         5


Dungeon Overview and Level Annotations

Branches:
Dungeon (2/15)

Altars:


Innate Abilities, Weirdness & Mutations

You have temporarily grown beastly horns.
You have a beak for a mouth.
You have claws for feet.


Message History

A kobold is nearby!
You are too injured to fight recklessly!
You are too injured to fight recklessly!
Casting: Beastly Appendage (safe; 12% risk of failure)
Confirm with . or Enter, or press ? or * to list all spells.
You grow a pair of large bovine horns.
The kobold hits you but does no damage. The kobold hits you with a +0 dagger.
You closely miss the kobold. You claw the kobold.
You kill the kobold!
You see here a +0 dagger.
Your transformation is almost over.
Your horns disappear.
An adder comes into view.
An adder is nearby!
An adder is nearby!
Casting: Beastly Appendage (safe; 12% risk of failure)
Confirm with . or Enter, or press ? or * to list all spells.
You grow a pair of large bovine horns.
You closely miss the adder. You claw the adder, but do no damage.
The adder bites you.
You are poisoned.
The adder poisons you! The adder barely misses you.
You are too injured to fight recklessly!
You are too injured to fight recklessly!
You are too injured to fight recklessly!
You are too injured to fight recklessly!
You are too injured to fight recklessly!
You closely miss the adder. You claw the adder, but do no damage.
You feel sick. The adder barely misses you.
You miss the adder.
Your transformation is almost over.
You feel sick. The adder bites you.
* * * LOW HITPOINT WARNING * * *
You are lethally poisoned!
The adder poisons you! The adder bites you but does no damage.
You barely miss the adder. Your kick misses the adder.
Your headbutt misses the adder.
* * * LOW HITPOINT WARNING * * *
You feel sick. The adder bites you.
You die...

..####..........## #.##
###......#.#.#.#..# #...
...####..........# ####
###.####.##.....#.####..
.. ...#.##...#........#
#.##.#.####.###.######
#......# #.###.#
#.##S#### #.....# #.@..#
####### ####.# #


You could see an adder.

Vanquished Creatures
  4 endoplasms (D:1)
  2 giant cockroaches (D:1)
  2 goblins
  3 hobgoblins
  2 kobolds
  A quokka (D:1)
  A ball python (D:1)
  A bat (D:1)
  2 frilled lizards (D:1)
  2 rats
20 creatures vanquished.

Notes
Turn   | Place    | Note
-------+----------+-------------------------------------------
     0 | D:1      | kae the Tengu Transmuter began the quest for the Orb.
     0 | D:1      | Reached XP level 1. HP: 12/12 MP: 4/4
   275 | D:1      | Reached XP level 2. HP: 13/16 MP: 6/6
  1335 | D:2      | Found a faded altar of an unknown god.
  1704 | D:2      | Slain by an adder

Illustrated notes

Levels and vault maps discovered:
D:1:      saegor_arrival_simple_c, layout_rooms, minivault_27, minmay_hedge_maze
D:2:      layout_loops_cross, shapermc_ecumenical_altar_gd, serial_glass,
          glass_columns_c, glass_columns_c, basic_altar

Action                   || total
-------------------------++-------
Melee: Short sword       ||    51
       Unarmed           ||     6
       Kick              ||    11
       Peck              ||     3
       Headbutt          ||     2
 Cast: Beastly Appendage ||    15
  Use: Scroll            ||     3
 Stab: Sleeping          ||     1
Armor: Robe              ||    10
Dodge: Dodged            ||    37

Table legend: (Time is in decaauts)
 A = Elapsed time spent in this place.
 B = Non-inter-level travel time spent in this place.
 C = Inter-level travel time spent in this place.
 D = Time resting spent in this place.
 E = Time spent auto-exploring this place.
 F = Levels seen in this place.
 G = Mean time per level.
                   A        B        C        D        E       F      G
               +--------+--------+--------+--------+--------+-----+--------+
         Total |   1708 |   1691 |     17 |      0 |   1500 |   2 |  854.0 |
       Dungeon |   1708 |   1691 |     17 |      0 |   1500 |   2 |  854.0 |
               +--------+--------+--------+--------+--------+-----+--------+

Top non-repeatable levels by time:
     D:1: 1261 daAuts
     D:2: 446 daAuts
